Map: Blackburn LE

Players

KingCobra

  • Race: Protoss Protoss

Vanya - Winner!

  • Race: Zerg Zerg

Event: DreamHack SC2 Masters 2021 Winter

VOD

Have the link to the VOD?

Description

Time

  • Played on: Oct. 3, 2021, 12:11 p.m.
  • Length: 11:57

All games in this series

Show
View Real Time Build Order
Export as new Build Order

KingCobra Protoss 

Build Orders:  

Get SALT Encoding   

  12  0:00  Probe  
  13  0:12  Probe  
  14  0:19  Pylon  
  14  0:24  Probe  
  15  0:37  Probe (Chrono Boost)  
  15  0:40  Gateway  
  16  0:47  Probe (Chrono Boost)  
  17  0:52  Probe (Chrono Boost)  
  18  1:02  Forge  
  18  1:22  Pylon  
  18  1:28  Pylon  
  18  1:29  Pylon  
  18  1:30  Pylon  
  18  1:37  Assimilator  
  18  1:41  Photon Cannon  
  18  1:44  Pylon  
  18  1:45  Pylon  
  18  1:46  Pylon  
  18  1:50  Zealot (Chrono Boost), Probe  
  21  2:04  Nexus  
  21  2:07  Probe  
  22  2:17  Cybernetics Core  
  22  2:21  Zealot (Chrono Boost)  
  24  2:29  Probe  
  25  2:36  Pylon  
  25  2:41  Pylon  
  26  2:52  Assimilator  
  26  2:55  Photon Cannon  
  25  3:15  Stargate  
  25  3:19  Probe (Chrono Boost)  
  26  3:21  Probe (Chrono Boost)  
  26  3:26  Stalker  
  29  3:30  Probe (Chrono Boost)  
  29  3:31  Probe (Chrono Boost)  
  29  3:34  Shield Battery  
  31  3:36  Probe  
  31  3:40  Probe  
  31  3:49  Shield Battery  
  31  3:53  Void Ray (Chrono Boost)  
  35  4:05  Pylon  
  35  4:12  Photon Cannon  
  33  4:22  Pylon  
  31  4:28  Void Ray (Chrono Boost)  
  31  4:34  Probe  
  36  4:39  Probe  
  37  4:48  Pylon  
  37  4:54  Shield Battery  
  37  5:00  Void Ray (Chrono Boost)  
  40  5:18  Probe  
  42  5:23  Gateway  
  42  5:26  Cybernetics Core  
  37  5:42  Nexus  
  37  6:05  Pylon  
  37  6:08  Pylon  
  37  6:12  Protoss Air Weapons Level 1 (Chrono Boost), Probe  
  37  6:17  Void Ray  
  42  6:30  Probe, Fleet Beacon  
  43  6:43  Probe  
  44  6:55  Void Ray, Probe x2  
  50  7:02  Cybernetics Core  
  50  7:05  Shield Battery  
  50  7:06  Flux Vanes  
  50  7:07  Probe x2  
  52  7:13  Zealot  
  54  7:19  Probe x2  
  56  7:31  Probe x2  
  58  7:37  Nexus  
  58  7:40  Void Ray  
  58  7:48  Probe  
  63  7:54  Assimilator, Warp Gate (Chrono Boost)  
  63  7:58  Assimilator  
  63  8:11  Pylon  
  63  8:15  Photon Cannon  
  63  8:18  Protoss Air Weapons Level 2 (Chrono Boost), Probe x2  
  65  8:26  Void Ray  
  69  8:37  Probe x2  
  71  8:44  Stargate  
  71  8:45  Pylon  
  71  8:49  Probe  
  72  8:56  Photon Cannon, Probe  
  72  8:57  Probe  
  72  8:58  Shield Battery  
  74  9:03  Stargate  
  74  9:04  Probe  
  74  9:09  Probe  
  81  9:27  Probe x3  
  84  9:36  Assimilator  
  84  9:38  Shield Battery  
  84  9:40  Assimilator  
  84  9:42  Probe x2  
  84  9:46  Anion Pulse-Crystals (Chrono Boost)  
  84  9:47  Phoenix (Chrono Boost)  
  84  9:50  Phoenix x2 (Chrono Boost)  
  82  9:58  Pylon  
  78  10:02  Probe x2  
  78  10:06  Phoenix (Chrono Boost)  
  82  10:09  Phoenix x2 (Chrono Boost)  
  85  10:27  Phoenix  
  87  10:33  Phoenix  
  89  10:35  Phoenix  
  89  10:39  Pylon  
  89  10:42  Pylon  
  91  10:44  Probe x2  
  91  10:45  Probe  
  91  10:47  Pylon  
  91  10:48  Shield Battery  
  94  10:56  Probe  
  94  10:57  Probe x2  
  97  10:59  Void Ray x2  
  87  11:06  Void Ray  
  95  11:13  Probe x2  
  102  11:18  Probe  
  100  11:28  Probe x2  
Show
View Real Time Build Order
Export as new Build Order

Vanya Zerg - Winner!

Build Orders: Hatch First, Ravager All-In 

Get SALT Encoding   

  12  0:00  Drone  
  13  0:11  Overlord  
  13  0:16  Drone  
  14  0:30  Drone x2  
  16  0:47  Hatchery  
  15  0:52  Drone  
  15  0:54  Drone  
  17  0:58  Drone  
  18  1:08  Extractor  
  17  1:13  Spawning Pool  
  17  1:16  Drone  
  17  1:20  Drone  
  18  1:27  Drone  
  19  1:38  Drone, Extractor  
  20  1:53  Drone  
  21  1:55  Hatchery  
  20  2:03  Roach Warren  
  20  2:06  Drone  
  20  2:12  Overlord  
  20  2:24  Queen  
  22  2:42  Roach x3  
  28  2:53  Overlord  
  28  3:00  Queen  
  30  3:17  Roach x3  
  36  3:23  Ravager x3  
  39  3:29  Overlord  
  39  3:42  Overlord  
  39  3:50  Ravager  
  39  3:51  Roach  
  42  3:56  Roach x2  
  42  4:02  Ravager x2  
  45  4:25  Queen  
  45  4:28  Ravager x2  
  49  4:31  Drone  
  50  4:40  Hatchery  
  46  4:55  Ravager  
  47  5:01  Queen  
  49  5:20  Drone x3  
  44  5:37  Queen  
  43  5:57  Queen  
  43  5:58  Drone x4  
  43  6:03  Drone  
  48  6:09  Drone  
  48  6:10  Spore Crawler  
  48  6:15  Overlord  
  48  6:16  Drone x3  
  53  6:21  Metabolic Boost  
  53  6:28  Drone x2  
  55  6:33  Queen  
  55  6:39  Lair  
  55  6:44  Overlord  
  55  6:45  Drone x6  
  61  6:50  Extractor  
  61  6:51  Drone  
  61  6:52  Drone, Extractor  
  61  6:53  Drone  
  62  6:59  Drone  
  63  7:09  Hatchery  
  63  7:13  Queen  
  64  7:17  Drone  
  64  7:18  Drone  
  64  7:20  Drone  
  64  7:21  Drone  
  68  7:27  Drone  
  68  7:28  Zergling x2  
  70  7:34  Overlord  
  70  7:38  Spire  
  70  7:41  Drone x2  
  70  7:42  Drone  
  72  7:47  Drone x3  
  75  7:52  Drone  
  75  7:53  Overlord  
  75  7:55  Overseer  
  75  7:56  Drone  
  75  7:57  Drone  
  78  7:59  Drone  
  78  8:01  Drone  
  80  8:09  Drone x2, Extractor  
  80  8:11  Extractor  
  80  8:13  Drone  
  80  8:16  Drone x3  
  84  8:23  Overlord  
  84  8:24  Drone x4  
  87  8:49  Overlord x2  
  87  8:53  Zerg Flyer Weapons Level 1  
  87  8:57  Mutalisk x5  
  97  9:03  Overlord  
  97  9:07  Hatchery  
  97  9:09  Mutalisk x5  
  96  9:12  Mutalisk  
  96  9:15  Overlord  
  96  9:16  Overlord  
  108  9:17  Mutalisk  
  108  9:18  Mutalisk  
  108  9:23  Mutalisk x3  
  118  9:27  Mutalisk  
  118  9:29  Overlord  
  118  9:31  Mutalisk  
  122  9:42  Hatchery  
  122  9:44  Mutalisk x2  
  125  9:56  Queen x3  
  131  10:02  Glial Reconstitution  
  131  10:04  Overlord x2  
  131  10:06  Roach  
  133  10:11  Overlord  
  133  10:14  Roach x3  
  139  10:22  Roach x3  
  139  10:23  Overlord  
  145  10:28  Overlord x2  
  145  10:39  Ravager x4  
  145  10:40  Roach  
  145  10:41  Roach x2  
  155  10:46  Roach  
  155  10:47  Roach  
  159  10:53  Ravager x3  
  159  10:54  Zergling x2  
  159  10:55  Zergling x6  
  166  11:02  Zergling x2  
  166  11:03  Zergling x10  
  170  11:06  Ravager x3  
  160  11:12  Zergling x14  
  160  11:17  Ravager x2  
  169  11:21  Zergling x10  
  148  11:37  Zergling x12  
  143  11:53  Extractor  
  143  11:54  Extractor  

Tags
 
Add a new tag
Caveats
  • Supply blocks, unpowered buildings, or Contaminate may cause inaccurate times.
  • Supply counts are checked every 10 seconds.